 Dungeon Crawl Stone Soup version 0.24-a0-203-gf0bc1e94ae (console) character file.

Game seed: 9604259628805482132

8663 CedricFluffyTheSecon the Brawler (level 11, -1/94 HPs)
             Began as a Troll Monk on Mar 28, 2019.
             Slain by an orc knight
             ... wielding a +3 long sword of electrocution
              (24 damage)
             ... in a bailey.
             The game lasted 00:25:08 (6674 turns).

CedricFluffyTheSecon the Brawler (Troll Monk)       Turns: 6674, Time: 00:25:09

Health: -1/94      AC: 15    Str: 24    XL:     11   Next: 12%
Magic:  10/10      EV:  9    Int:  6    God:
Gold:   215        SH:  0    Dex: 12    Spells: 10/10 levels left

rFire    + . .     SeeInvis .     - Unarmed
rCold    + . .     Gourm    +   (no shield)
rNeg     . . .     Faith    .   y - +1 robe {rC+ rF+}
rPois    +         Spirit   .   A - +2 hat
rElec    .         Reflect  .   C - +2 cloak {rPois}
rCorr    .         Harm     .   (gloves unavailable)
MR       .....                  (boots unavailable)
Stlth    +.........             (no amulet)
HPRegen  0.65/turn              l - +3 ring of protection
MPRegen  0.12/turn              j - ring of flight

@: hasted, heavily drained, very quick
A: large, unfitting armour, claws 3, fast metabolism 3, gourmand, regeneration
1, shaggy fur 1, tough skin 3
a: Evoke Flight


You were in a bailey.
You were very full.

You visited 1 branch of the dungeon, and saw 10 of its levels.
You also visited: Bailey.

You collected 548 gold pieces.
You spent 333 gold pieces at shops.

Inventory:

Armour
 s - a +0 troll leather armour
 y - a +1 robe of resistance (worn)
 z - a +1 robe of magic resistance
 A - a +2 hat (worn)
 C - a +2 cloak of poison resistance (worn)
Jewellery
 j - a ring of flight (right claw)
 l - a +3 ring of protection (left claw)
 D - the ring "Edogril" {*Corrode rC+++ MP+9 Int-3 Stlth+}
   (You found it on level 9 of the Dungeon)

   [ring of stealth]

   It affects your intelligence (-3).
   It renders you almost immune to cold.
   It affects your magic capacity (+9).
   It may corrode you when you take damage.
   It makes you more stealthy.
Wands
 r - a wand of polymorph (5)
 u - a wand of acid (15)
 v - a wand of iceblast (7)
 K - a wand of paralysis (9)
Scrolls
 a - 4 scrolls of teleportation
 c - 2 scrolls of identify
 h - 2 scrolls of enchant weapon
 m - 2 scrolls of remove curse
 E - a scroll of vulnerability {unknown}
 F - a scroll of magic mapping
 G - 3 scrolls of enchant armour
 I - a scroll of blinking
 J - a scroll of amnesia
Potions
 d - 10 potions of curing
 e - 4 potions of brilliance {unknown}
 f - 3 potions of lignification {unknown}
 g - a potion of ambrosia {unknown}
 i - a potion of haste
 k - a potion of mutation {unknown}
 n - 2 potions of flight {unknown}
 o - 2 potions of berserk rage {unknown}
 p - 4 potions of magic {unknown}
 q - 4 potions of agility {unknown}
 t - 2 potions of degeneration {unknown}
 w - 3 potions of cancellation {unknown}
 x - 2 potions of might {unknown}
 B - 4 potions of invisibility {unknown}
 H - a potion of heal wounds {unknown}
Comestibles
 b - 18 rations


   Skills:
 + Level 2.4(1.0) Fighting
 + Level 2.4(1.0) Dodging
 - Level 1.0(0.0) Stealth
 * Level 16.4(14.5) Unarmed Combat


You had 10 spell levels left.
You didn't know any spells.
Your spell library contained the following spells:

 Spells                   Type           Power        Failure   Level  Hunger
 Confusing Touch          Hex            #.....       45%         1    ##.....
 Confuse                  Hex            #.......     83%         3    ####...
 Gell's Gravitas          Tloc           #.........   83%         3    ####...
 Petrify                  Tmut/Erth      #.......     99%         4    #####..
 Metabolic Englaciation   Hex/Ice        #.........   100%        5    ######.
 Yara's Violent Unravell  Hex/Tmut       #.........   100%        5    ######.


Dungeon Overview and Level Annotations

Branches:
Dungeon (10/15)            Temple (0/1) D:4
   Lair: D:8-11         Orc: D:9-12

Altars:
Ashenzari
Dithmenos
Elyvilon
Gozag
Makhleb
Uskayaw
The Shining One

Shops:
D:9 [[?(


Innate Abilities, Weirdness & Mutations

You are too large for most types of armour.
You have claws for hands.
Your metabolism is lightning-fast.
You like to eat raw meat.
Your natural rate of healing is unusually fast.
You are covered in fur. (AC +1)
You have extremely tough skin. (AC +3)


Message History

The orc knight hits you but does no damage.
The gnoll hits you from afar with a +0 halberd.
* * * LOW HITPOINT WARNING * * *
There is an open door here.
You feel yourself speed up.
The orc knight hits you but does no damage.
The gnoll closely misses you.
You claw the orc knight!
The orc knight is severely wounded.
You closely miss the orc knight. You claw the orc knight!
The orc knight is almost dead.
The orc knight closely misses you.
The gnoll hits you from afar with a +0 halberd.
* * * LOW HITPOINT WARNING * * *
You scratch the orc knight. Your claw misses the orc knight.
The orc knight is almost dead.
You scratch the orc knight but do no damage.
The orc knight is almost dead.
The orc knight hits you with a +3 long sword of electrocution!!
You die...

##### ### ###
##o@.###.###.#
#g###'##'##'##
#...Kg##
##.....##
#..gKg
###.....###
.'..⌠..
#.'..⌠..'.#
##.....
###...)(###
#.....#
#)...(##
#'##'##g#
#'##'##(## .#
#. #g#.#
#.###.#


You could see an orc knight, 2 gnolls, a hobgoblin and 2 kobolds.

Vanquished Creatures
  Harold (D:9)
  2 two-headed ogres
  Pikel (D:8)
  Psyche (D:9)
  Joseph (D:8)
  A troll (D:9)
  A hippogriff (D:9)
  4 yaks
  Eustachio (D:5)
  A hungry ghost (D:8)
  A water moccasin (D:9)
  A slave (D:8)
  3 ice beasts
  4 sky beasts (D:8)
  2 orc warriors
  A necrophage (D:10)
  2 phantoms
  2 centaurs
  3 ogres
  Blork the orc (D:5)
  A gnoll sergeant (D:6)
  7 bullfrogs
  4 wights (D:9)
  10 killer bees
  4 howler monkeys
  2 quasits
  3 crimson imps
  4 jellies
  8 hounds
  A bullfrog skeleton (D:8)
  A bullfrog zombie (D:6)
  3 orc priests
  3 orc wizards (D:6)
  3 iguanas
  Ijyb (D:5)
  Terence (D:3)
  2 worker ants
  A howler monkey zombie (D:10)
  11 gnolls
  20 adders
  2 shadow imps (D:8)
  6 oozes
  An adder zombie (D:9)
  An adder skeleton (D:8)
  4 leopard geckos
  27 orcs
  4 ball pythons
  16 giant cockroaches
  5 goblins
  12 hobgoblins
  10 jackals
  6 quokkas
  3 bats
  6 frilled lizards
  13 kobolds
  A leopard gecko skeleton (D:8)
  A quokka skeleton (D:6)
  6 rats
248 creatures vanquished.

Vanquished Creatures (others)
  6 toadstools (D:10)
6 creatures vanquished.

Grand Total: 254 creatures vanquished

Notes
Turn   | Place    | Note
-------+----------+-------------------------------------------
     0 | D:1      | CedricFluffyTheSecon the Troll Monk began the quest for the
                  | Orb.
     0 | D:1      | Reached XP level 1. HP: 22/22 MP: 0/0
    62 | D:1      | You fall through a shaft!
    95 | D:2      | Reached XP level 2. HP: 29/29 MP: 1/1
   158 | D:2      | Reached skill level 4 in Unarmed Combat
   181 | D:2      | Found a shadowy altar of Dithmenos.
   187 | D:2      | Reached XP level 3. HP: 31/36 MP: 2/2
   973 | D:2      | Reached XP level 4. HP: 44/44 MP: 3/3
   992 | D:2      | Reached skill level 5 in Unarmed Combat
  1236 | D:3      | Found a faded altar of an unknown god.
  1458 | D:3      | Reached skill level 6 in Unarmed Combat
  1458 | D:3      | Reached XP level 5. HP: 49/50 MP: 4/4
  1532 | D:3      | Noticed Terence
  1563 | D:3      | Killed Terence
  1781 | D:4      | Found a staircase to the Ecumenical Temple.
  1860 | D:4      | Noticed an orc warrior
  1865 | D:4      | Killed an orc warrior
  1865 | D:4      | Reached skill level 7 in Unarmed Combat
  1865 | D:4      | Reached XP level 6. HP: 59/59 MP: 5/5
  2320 | D:4      | Found a hide-covered altar of Uskayaw.
  2320 | D:4      | Found a glowing golden altar of the Shining One.
  2325 | D:4      | Found a white marble altar of Elyvilon.
  2327 | D:4      | Found a faded altar of an unknown god.
  2328 | D:4      | Found a burning altar of Makhleb.
  2688 | D:5      | Entered Level 5 of the Dungeon
  2940 | D:5      | Reached skill level 8 in Unarmed Combat
  3204 | D:5      | Noticed Blork the orc
  3205 | D:5      | Reached XP level 7. HP: 66/66 MP: 6/6
  3212 | D:5      | Killed Blork the orc
  3232 | D:5      | Noticed Ijyb
  3238 | D:5      | Killed Ijyb
  3239 | D:5      | Noticed Eustachio
  3249 | D:5      | Killed Eustachio
  3253 | D:5      | Reached skill level 9 in Unarmed Combat
  3435 | D:6      | Reached XP level 8. HP: 74/74 MP: 7/7
  3437 | D:6      | Reached skill level 10 in Unarmed Combat
  3891 | D:6      | Reached skill level 11 in Unarmed Combat
  3903 | D:6      | You fall through a shaft for 3 floors!
  3903 | D:9      | Noticed a troll
  3910 | D:9      | Killed a troll
  3953 | D:9      | HP: 2/74 [yak (3)]
  3960 | D:9      | HP: 1/74 [necrophage (6)]
  3961 | D:10     | Entered Level 10 of the Dungeon
  3961 | D:10     | Found an opulent altar of Gozag.
  4189 | D:10     | Reached skill level 12 in Unarmed Combat
  4189 | D:10     | Reached XP level 9. HP: 59/80 MP: 8/8
  4311 | D:9      | Noticed Psyche
  4533 | D:10     | Reached skill level 13 in Unarmed Combat
  4609 | D:9      | Found Xoaz's Weapon Emporium.
  4633 | D:9      | Killed Psyche
  4782 | D:9      | Reached skill level 14 in Unarmed Combat
  4826 | D:9      | Found Itzar's Magic Scroll Emporium.
  4843 | D:9      | Found Olohischonic's Antique Armour Emporium.
  4852 | D:9      | Bought a glowing hat for 161 gold pieces
  4852 | D:9      | Bought an embroidered cloak for 172 gold pieces
  4864 | D:9      | Found Durutet's Antique Armour Emporium.
  4866 | D:9      | Noticed Harold
  4880 | D:9      | Killed Harold
  4880 | D:9      | Reached XP level 10. HP: 88/88 MP: 9/9
  4899 | D:9      | Got a slimy platinum ring
  4902 | D:9      | Identified the ring "Edogril" {*Corrode rC+++ MP+9 Int-3
                  | Stlth+} (You found it on level 9 of the Dungeon)
  4982 | D:9      | Noticed a two-headed ogre
  4990 | D:9      | Killed a two-headed ogre
  5063 | D:9      | Reached skill level 15 in Unarmed Combat
  5238 | D:8      | Noticed a two-headed ogre
  5249 | D:8      | Killed a two-headed ogre
  5279 | D:8      | Noticed Pikel
  5311 | D:8      | Killed Pikel
  5416 | D:8      | Reached skill level 16 in Unarmed Combat
  5493 | D:8      | Noticed Joseph
  5509 | D:8      | Killed Joseph
  5540 | D:8      | Reached XP level 11. HP: 94/94 MP: 10/10
  5900 | D:8      | Found a shattered altar of Ashenzari.
  6180 | D:7      | Got an ichor-stained scimitar
  6181 | D:7      | Identified the +9 scimitar "Kexai" {venom, *Drain Str+3
                  | Int+4} (You found it on level 7 of the Dungeon)
  6363 | D:7      | Found a shattered altar of Ashenzari.
  6399 | D:7      | Found a flagged portal.
  6433 | Bailey   | Entered a bailey
  6528 | Bailey   | Noticed an orc knight
  6674 | Bailey   | Slain by an orc knight

Levels and vault maps discovered:
D:1:      lemuel_arrival_broad_hall, layout_loops_ring
D:2:      layout_loops_ring, nicolae_dithmenos_shadow_blocks, first_ration
D:3:      minmay_roachtagon, layout_rooms,
          chequers_ecumenical_altar_simple_redux, uniq_terence
D:4:      layout_basic, chequers_temple_overflow_minitemple,
          minmay_temple_entry_glass
D:5:      layout_loops_ring, nicolae_zen_rock_garden, kennysheep_diamond,
          uniq_blork_the_orc, uniq_eustachio, uniq_ijyb
D:6:      layout_cave_pools
D:7:      layout_loops_ring, ashenzari_conservatory_becter, enter_bailey_6
D:8:      layout_gridville, basic_altar, minmay_misc_feat_four_crosses,
          uniq_pikel, uniq_joseph
D:9:      kennysheep_ambush_hall, layout_rooms, serial_shops, shop_statue,
          shop_fountains, shop, nicolae_shop_trees,
          hangedman_little_slice_of_home, uniq_harold, uniq_psyche
D:10:     layout_long_grid, basic_altar, hex_large, minmay_gold_behind_fungi,
          kennysheep_just_a_vault
Bailey:   bailey_axe_2, bailey

Skill      XL: |  1  2  3  4  5  6  7  8  9 10 |
---------------+-------------------------------+-----
Unarmed Combat | 4 6 7 8 9 12 14 16 | 16.4
Fighting       | |  2.4
Dodging        | |  2.4
Stealth        | |  1.0

Action                   |  1- 3 |  4- 6 |  7- 9 | 10-12 || total
-------------------------+-------+-------+-------+-------++-------
Melee: Unarmed           |    78 |   143 |   259 |   246 ||   726
       Punch             |       |       |     8 |    14 ||    22
  Use: Scroll            |       |     3 |     7 |     2 ||    12
       Potion            |       |       |     3 |     1 ||     4
 Stab: Sleeping          |     3 |     1 |     2 |       ||     6
       Distracted        |       |       |       |     1 ||     1
  Eat: Ration            |     2 |     1 |       |       ||     3
       Chunk             |       |    16 |    23 |    22 ||    61
Armor: Robe              |    30 |    64 |    57 |   132 ||   283
       Troll leather arm |       |       |    49 |       ||    49
Dodge: Dodged            |    49 |    88 |   155 |   122 ||   414

Table legend:
 A = Non-vault XP
 B = Vault XP
 C = Vault XP percentage of total XP
 D = Non-vault monster count
 E = Vault monster count
 F = Vault count percentage of total count
                 A         B        C        D         E       F
            +---------+---------+-------+---------+---------+-------
      Total |    8130 |    4247 |  34.3 |     189 |      58 |  23.5
            +---------+---------+-------+---------+---------+-------
        D:1 |       9 |       0 |   0.0 |       6 |       0 |   0.0
        D:2 |     107 |       0 |   0.0 |      24 |       0 |   0.0
        D:3 |     148 |      54 |  26.7 |      34 |      12 |  26.1
        D:4 |     208 |       0 |   0.0 |      10 |       0 |   0.0
        D:5 |     496 |     366 |  42.5 |       7 |       4 |  36.4
        D:6 |     776 |       0 |   0.0 |      22 |       0 |   0.0
        D:7 |     347 |       0 |   0.0 |       7 |       0 |   0.0
        D:8 |    2756 |    1111 |  28.7 |      38 |       2 |   5.0
        D:9 |    2058 |    2454 |  54.4 |      20 |      17 |  45.9
       D:10 |    1225 |     125 |   9.3 |      21 |       1 |   4.5
     Bailey |       0 |     137 | 100.0 |       0 |      22 | 100.0
            +---------+---------+-------+---------+---------+-------
